 Dungeon Crawl Stone Soup version 0.17.0-28-g6e173f8 (webtiles) character file.

159 Rex the Covered (level 5, -1/47 HPs)
             Began as a Minotaur Fighter on Dec 2, 2015.
             Slain by StahL's ghost (11 damage)
             ... on level 4 of the Dungeon.
             The game lasted 00:10:38 (2545 turns).

Rex the Covered (Minotaur Fighter)                  Turns: 2545, Time: 00:10:38

Health: -1/47      AC: 10    Str: 22      XL:     5   Next: 17%
Magic:  4/4        EV:  6    Int:  4 (5)  God:
Gold:   130        SH: 10    Dex:  9      Spells: 0 memorised, 4 levels left

rFire  . . .     SeeInvis .     a - +0 war axe
rCold  . . .     Clarity  .     o - +1 chain mail
rNeg   . . .     SustAt   .     c - +0 shield
rPois  +         Gourm    .     (helmet restricted)
rElec  .         Spirit   .     (no cloak)
rCorr  .         Warding  .     (no gloves)
rMut   .         Stasis   .     (no boots)
MR     .....                    m - amulet of faith
Stlth  ..........               (no ring)
                                g - ring of poison resistance

@: not resistant to hostile enchantments, extremely unstealthy
A: retaliatory headbutt, horns 2
a: no special abilities


You were on level 4 of the Dungeon.
You were hungry.

You visited 1 branch of the dungeon, and saw 4 of its levels.

You collected 130 gold pieces.

Inventory:

Hand Weapons
 a - a +0 war axe (weapon)
 n - a +1 vampiric spear
Armour
 c - a +0 shield (worn)
 o - a +1 chain mail (worn)
Jewellery
 g - a ring of poison resistance (left hand)
 m - an amulet of faith (around neck)
Wands
 j - a wand of slowing (27)
 l - a wand of cold (11)
Scrolls
 i - 4 scrolls of identify
Comestibles
 e - 5 bread rations
 k - a meat ration


   Skills:
 + Level 4.3 Fighting
 + Level 3.2 Axes
 + Level 5.0 Armour
 + Level 0.9 Dodging
 + Level 4.9 Shields
 * Level 0.6 Evocations


You had 4 spell levels left.
You didn't know any spells.

Dungeon Overview and Level Annotations

Branches:
Dungeon (4/15)
 Temple: D:4-7

Altars:
Gozag
Makhleb
Nemelex Xobeh
Qazlal
Yredelemnul

Annotations:
D:4 StahL's ghost, novice OgBe


Innate Abilities, Weirdness & Mutations

You reflexively headbutt those who attack you in melee.
You have a pair of horns on your head.


Message History

StahL's ghost is moderately damaged.
StahL's ghost hits you.
You barely miss StahL's ghost.
StahL's ghost is moderately damaged.
StahL's ghost hits you.
* * * LOW HITPOINT WARNING * * *
You hit StahL's ghost but do no damage. Your headbutt misses StahL's ghost.
StahL's ghost is moderately damaged.
You block StahL's ghost's attack. StahL's ghost hits you.
* * * LOW HITPOINT WARNING * * *
You hit StahL's ghost.
StahL's ghost is heavily damaged.
StahL's ghost barely misses you.
You slash StahL's ghost! You headbutt StahL's ghost.
StahL's ghost is heavily damaged.
You block StahL's ghost's attack. x2
You closely miss StahL's ghost.
StahL's ghost is heavily damaged.
StahL's ghost hits you!
You die...

#. #.# #.##.# #..... #####
###...### ###### #.(.. #E#...#E#
#.W@.# ####.... ####...####
#.##.# ######.......
..........####.##.# #......##....
....._.......W.##.#.#......##....
.................................
####...###W######.#........######
#E#...#E#.# #.#........#
###...###.. ...........# ......
...# #.......#


You could see StahL's ghost.

Vanquished Creatures
  An orc wizard (D:3)
  An adder (D:3)
  4 gnolls (D:3)
  An adder skeleton (D:4)
  A worm (D:3)
  2 giant geckos
  5 orcs (D:3)
  2 ball pythons
  6 bats
  2 giant cockroaches
  2 hobgoblins
  8 jackals
  A quokka (D:3)
  4 giant newts
  5 goblins
  13 kobolds
  A quokka skeleton (D:4)
  7 rats
66 creatures vanquished.

Notes
Turn   | Place    | Note
--------------------------------------------------------------
     0 | D:1      | Rex the Minotaur Fighter began the quest for the Orb.
     0 | D:1      | Reached XP level 1. HP: 19/19 MP: 0/0
    80 | D:1      | Found a burning altar of Makhleb.
   214 | D:1      | Reached XP level 2. HP: 25/27 MP: 1/1
   253 | D:1      | Reached skill level 4 in Armour
   867 | D:2      | Reached XP level 3. HP: 28/33 MP: 2/2
  1157 | D:2      | Found a sparkling altar of Nemelex Xobeh.
  1206 | D:2      | Found a sparkling altar of Nemelex Xobeh.
  1438 | D:3      | Reached XP level 4. HP: 29/40 MP: 3/3
  1884 | D:3      | Reached XP level 5. HP: 33/46 MP: 4/4
  1948 | D:3      | Reached skill level 5 in Armour
  1994 | D:3      | Found a basalt altar of Yredelemnul.
  2168 | D:3      | Found an opulent altar of Gozag.
  2505 | D:4      | Found a stormy altar of Qazlal.
  2506 | D:4      | Noticed a fire elemental
  2506 | D:4      | Noticed an air elemental
  2506 | D:4      | Noticed a water elemental
  2516 | D:4      | Noticed StahL's ghost (novice OgBe)
  2545 | D:4      | Slain by StahL's ghost

Action                   |  1- 3 |  4- 6 || total
-------------------------+-------+-------++-------
Melee: War axe           |   121 |    64 ||   185
  Use: Potion            |     6 |     6 ||    12
       Scroll            |     2 |     5 ||     7
  Eat: Chunk             |     2 |     3 ||     5
